 Dungeon Crawl Stone Soup version 0.29-a0-321-gf1c400731a (webtiles) character file.

Game seed: 14751372446085176149

21 kae the Firebug (level 2, -1/16 HPs)
             Began as a Tengu Fire Elementalist on Apr 4, 2022.
             Slain by a quokka (2 damage)
             ... on level 2 of the Dungeon.
             The game lasted 00:01:00 (1778 turns).

kae the Firebug (Tengu Fire Elementalist)           Turns: 1778, Time: 00:01:01

Health: -1/16      AC:  2    Str:  8    XL:     2   Next: 83%
Magic:  3/6        EV: 12    Int: 15    God:
Gold:   56         SH:  0    Dex: 14    Spells: 4/5 levels left

rFire   . . .      SeeInvis .   (no weapon)
rCold   . . .      Faith    .   (no shield)
rNeg    + . .      Spirit   .   a - +0 robe
rPois   .          Reflect  .   (helmet restricted)
rElec   .          Harm     .   (no cloak)
rCorr   .          Rampage  .   (no gloves)
Will    .....                   (boots unavailable)
Stlth   ++........              (no amulet)
HPRegen 0.05/turn               c - ring of positive energy
MPRegen 0.10/turn               (no ring)

@: very slightly contaminated
A: beak, talons 3
a: no special abilities


You were on level 2 of the Dungeon.
You visited 1 branch of the dungeon, and saw 3 of its levels.

You collected 56 gold pieces.

Inventory:

Armour
 a - a +0 robe (worn)
Jewellery
 c - a ring of positive energy (left hand)
Scrolls
 f - a scroll of teleportation {unknown}
Potions
 b - a potion of magic
 d - a potion of haste
 e - a potion of berserk rage {unknown}
 h - 3 potions of degeneration {unknown}
 i - a potion of heal wounds {unknown}


   Skills:
 + Level 0.5 Fighting
 + Level 0.5 Armour
 + Level 2.4 Dodging
 - Level 2.0 Stealth
 + Level 2.1 Spellcasting
 + Level 1.8 Conjurations
 * Level 3.7 Fire Magic


You had 4 spell levels left.
You knew the following spells:

 Your Spells              Type           Power      Damage    Failure   Level
a - Foxfire               Conj/Fire      36%        2x1d5     7%          1

Your spell library contained the following spells:

 Spells                   Type           Power      Damage    Failure   Level
 Scorch                   Fire           24%        2d6       7%          2
 Conjure Flame            Conj/Fire      9%         6-21      22%         3
 Inner Flame              Hex/Fire       7%         N/A       30%         3
 Flame Wave               Conj/Fire      9%         2d5       56%         4


Dungeon Overview and Level Annotations

Branches:
Dungeon (3/15)

Altars:


Innate Abilities, Weirdness & Mutations

You have a beak for a mouth.
You have claws for feet.


Message History

There is an entrance to a sewer on this level.
Hurry and find it before the portal rusts away!
You hear the slow rusting of a very distant drain.
The jackal closely misses you. The quokka bites you.
The jackal barely misses you.
There is a stone staircase leading up, spattered with blood here.
The quokka bites you.
The jackal bites you but does no damage.
The quokka misses you.
You climb upwards.
There is a stone staircase leading down here.
Casting: Foxfire (safe; 7% risk of failure)
Confirm with . or Enter, or press ? or * to list all spells.
You miscast Foxfire.
You are very lightly contaminated with residual magic.
Nothing appears to happen.
The jackal barely misses you. The quokka bites you.
Casting: Foxfire (safe; 7% risk of failure)
Confirm with . or Enter, or press ? or * to list all spells.
You conjure some foxfire!
The jackal closely misses you. The quokka bites you.
* * * LOW HITPOINT WARNING * * *
The jackal barely misses you.
The foxfire hits the quokka.
The quokka is moderately wounded.
The foxfire hits the jackal.
The jackal is moderately wounded.
The jackal bites you.
* * * LOW HITPOINT WARNING * * *
The quokka misses you.
Casting: Foxfire (safe; 7% risk of failure)
Confirm with . or Enter, or press ? or * to list all spells.
You conjure some foxfire!
The jackal closely misses you. The quokka closely misses you.
The jackal bites you.
* * * LOW HITPOINT WARNING * * *
The foxfire hits the quokka but does no damage.
The quokka is moderately wounded.
The foxfire hits the quokka but does no damage.
The quokka is moderately wounded.
The quokka bites you but does no damage.
The jackal bites you but does no damage.
The quokka bites you.
You die...

#.#...#...#.####'####
#.#.###...#.#.......#
#.#.#.......#.......#
....#.#.#.###...(...#
....#.#'#...'.......#
>...#......##.......#
....#......##......<#
#'#.#......##.<..†..#
#.#.#.......#...@h..#
#.#)..#.........r...#
#+#####......)......#
....................#######
...#####..................#
...+...'.....###..........#
...#####.....# #..........#
#### #.......# #..........#
#.......# #..........#


You could see a quokka and a jackal.

Vanquished Creatures
  A bat (D:2)
  2 endoplasms
  2 goblins (D:1)
  2 hobgoblins
  4 jackals (D:2)
  2 kobolds (D:1)
  A ball python (D:1)
  A frilled lizard (D:1)
  3 rats
18 creatures vanquished.

Vanquished Creatures (others)
  52 foxfires
52 creatures vanquished.

Grand Total: 70 creatures vanquished

Notes
Turn   | Place    | Note
-------+----------+-------------------------------------------
     0 | D:1      | kae the Tengu Fire Elementalist began the quest for the
                  | Orb.
     0 | D:1      | Reached XP level 1. HP: 10/10 MP: 4/4
   339 | D:1      | Reached XP level 2. HP: 16/16 MP: 6/6
   512 | D:1      | Found a faded altar of an unknown god.
  1778 | D:2      | Slain by a quokka

Illustrated notes

Levels and vault maps discovered:
D:1:      minmay_arrival_doors, layout_basic,
          hellmonk_ecumenical_altar_pennies_from_heaven
D:2:      layout_basic, minmay_pentomino_u4
D:3:      minmay_skewed_foursquare, layout_basic, gup_sewer_entry_glass

Action                   || total
-------------------------++-------
Melee: Unarmed           ||    18
       Kick              ||     3
       Peck              ||     4
 Cast: Foxfire           ||    31
  Use: Scroll            ||     3
Armor: Robe              ||     8
Dodge: Dodged            ||    29

Table legend: (Time is in decaauts)
 A = Elapsed time spent in this place.
 B = Non-inter-level travel time spent in this place.
 C = Inter-level travel time spent in this place.
 D = Time resting spent in this place.
 E = Time spent auto-exploring this place.
 F = Levels seen in this place.
 G = Mean time per level.
                   A        B        C        D        E       F      G
               +--------+--------+--------+--------+--------+-----+--------+
         Total |   1780 |   1696 |     84 |      0 |   1541 |   3 |  593.3 |
       Dungeon |   1780 |   1696 |     84 |      0 |   1541 |   3 |  593.3 |
               +--------+--------+--------+--------+--------+-----+--------+

Top non-repeatable levels by time:
     D:1: 1176 daAuts
     D:2: 596 daAuts
     D:3: 8 daAuts
